Map: Rhoskallian LE

Players

Bugsy

  • Race: Zerg Zerg
  • Spawn Location: 11:00

Awesomest

  • Race: Zerg Zerg
  • Spawn Location: 12:00

Massa

  • Race: Terran Terran
  • League: Platinum
  • Spawn Location: 5:00

qqq

  • Race: Zerg Zerg
  • Spawn Location: 6:00

VOD

Have the link to the VOD?

Description

Time

  • Played on: Jan. 30, 2021, 11:34 a.m.
  • Length: 13:14
Show
View Real Time Build Order
Export as new Build Order

Bugsy Zerg 

Build Orders: Pool First, Muta Ling Bane 

Get SALT Encoding   

  12  0:02  Drone  
  13  0:12  Drone  
  14  0:17  Overlord  
  14  0:28  Extractor, Drone  
  13  0:29  Extractor, Drone  
  16  0:46  Spawning Pool  
  16  0:47  Drone  
  16  0:54  Drone  
  17  1:19  Hatchery  
  17  1:20  Extractor  
  17  1:23  Drone  
  17  1:24  Drone  
  17  1:25  Drone  
  18  1:34  Zergling x2  
  18  1:39  Queen  
  21  1:48  Overlord  
  21  1:59  Drone  
  22  2:08  Drone  
  23  2:15  Queen  
  25  2:19  Drone  
  26  2:28  Drone, Metabolic Boost  
  26  2:31  Drone  
  27  2:38  Drone  
  28  2:48  Zergling x2  
  28  2:50  Hatchery  
  28  2:56  Zergling x2, Baneling Nest  
  28  2:58  Zergling x2  
  28  3:02  Drone  
  28  3:04  Drone  
  31  3:09  Overlord  
  31  3:19  Drone x2  
  34  3:20  Drone  
  34  3:24  Overlord  
  34  3:39  Overlord x2  
  34  3:41  Drone x3  
  35  3:42  Baneling  
  35  3:43  Baneling  
  35  3:46  Drone  
  38  3:53  Drone x3  
  38  3:54  Drone  
  42  3:59  Queen  
  42  4:02  Drone  
  45  4:04  Drone  
  46  4:10  Drone x2  
  46  4:12  Spore Crawler  
  47  4:17  Drone  
  47  4:20  Extractor  
  47  4:21  Extractor  
  46  4:25  Spore Crawler  
  46  4:26  Lair  
  46  4:27  Drone x2  
  46  4:28  Drone  
  48  4:36  Drone x4  
  52  4:43  Zergling x2  
  52  4:44  Zergling x2  
  54  4:47  Spore Crawler  
  54  4:48  Drone  
  54  4:50  Spore Crawler  
  53  4:55  Zergling x2  
  53  4:56  Zergling x4  
  56  5:05  Drone  
  56  5:06  Roach Warren, Zergling x2  
  57  5:12  Spine Crawler  
  56  5:14  Drone x2  
  56  5:15  Overlord x2  
  56  5:18  Extractor  
  57  5:26  Drone  
  58  5:31  Spire  
  58  5:33  Drone  
  58  5:36  Drone  
  58  5:37  Drone  
  58  5:38  Drone x5  
  58  5:40  Drone  
  65  5:51  Drone  
  65  5:52  Drone x6  
  65  5:55  Extractor  
  71  5:57  Extractor  
  71  5:58  Overlord  
  71  6:02  Overlord  
  71  6:03  Overlord  
  69  6:11  Overseer  
  69  6:17  Drone x3  
  72  6:18  Drone x2, Evolution Chamber  
  72  6:19  Drone, Evolution Chamber  
  72  6:23  Drone x3  
  72  6:24  Drone  
  76  6:28  Drone x2  
  78  6:45  Zerg Flyer Armor Level 1  
  78  6:47  Zerg Ground Armor Level 1, Zerg Melee Weapons Level 1  
  78  6:57  Mutalisk  
  78  6:58  Mutalisk x7  
  94  7:08  Glial Reconstitution  
  94  7:09  Overlord x3  
  94  7:19  Zergling x6  
  97  7:23  Hatchery  
  97  7:27  Mutalisk x3  
  97  7:28  Mutalisk  
  104  7:36  Mutalisk  
  104  7:37  Mutalisk  
  104  7:38  Overlord x2  
  106  7:47  Centrifical Hooks  
  98  7:52  Corruptor  
  98  7:56  Zergling x12  
  98  7:57  Zergling x10  
  101  8:01  Corruptor  
  102  8:15  Roach x5  
  102  8:16  Roach  
  110  8:32  Zergling x4, Roach x3  
  110  8:33  Roach  
  106  8:38  Roach x3  
  106  8:39  Zergling x4, Roach x5  
  106  8:40  Ravager  
  106  8:41  Ravager x2  
  126  8:42  Zergling x2  
  126  8:43  Zergling x2  
  129  8:51  Roach x2  
  129  8:53  Roach  
  129  8:54  Zergling x2  
  136  8:58  Zerg Melee Weapons Level 2  
  134  9:08  Corruptor x2  
  131  9:14  Corruptor  
  128  9:21  Drone  
  128  9:22  Drone x7  
  136  9:26  Overlord x3  
  136  9:27  Overlord  
  130  9:38  Zerg Missile Weapons Level 1  
  130  9:41  Hydralisk Den  
  126  9:48  Drone  
  126  9:49  Drone x10  
  126  9:52  Extractor  
  121  9:53  Extractor  
  121  9:59  Zerg Flyer Weapons Level 1  
  118  10:02  Extractor, Overlord x3  
  118  10:03  Hatchery  
  118  10:06  Extractor  
  115  10:09  Zergling x4  
  115  10:11  Corruptor  
  115  10:12  Corruptor x4  
  127  10:15  Zergling x2  
  126  10:23  Grooved Spines  
  126  10:27  Hydralisk x3  
  126  10:28  Hydralisk x2  
  134  10:34  Drone x6  
  142  10:38  Overseer  
  142  10:41  Corruptor x2  
  145  10:44  Zergling x2  
  146  10:50  Infestation Pit, Corruptor  
  146  10:55  Corruptor  
  149  11:01  Zergling x2  
  149  11:02  Zergling x2  
  151  11:04  Overseer  
  151  11:06  Pneumatized Carapace  
  151  11:07  Zergling x2  
  151  11:08  Zergling x24  
  151  11:09  Zergling x2  
  165  11:21  Corruptor  
  165  11:22  Corruptor x3  
  169  11:34  Muscular Augments  
  169  11:37  Overseer  
  169  11:38  Corruptor x4  
  177  11:45  Queen  
  179  11:48  Hive  
  179  11:51  Drone x2  
  179  11:52  Drone  
  179  11:53  Drone x4  
  182  11:54  Spore Crawler  
  182  11:55  Spine Crawler  
  182  11:58  Spine Crawler  
  179  12:07  Hydralisk  
  179  12:08  Hydralisk x8  
  196  12:20  Overlord  
  196  12:34  Spire  
  195  12:57  Extractor  
  195  12:58  Hatchery  
  195  13:00  Extractor  
  194  13:06  Evolution Chamber  
Show
View Real Time Build Order
Export as new Build Order

Awesomest Zerg 

Build Orders: Pool First 

Get SALT Encoding   

  12  0:02  Drone  
  13  0:14  Overlord  
  13  0:18  Drone  
  14  0:33  Drone x2  
  16  0:37  Drone  
  17  0:48  Spawning Pool  
  16  0:50  Drone  
  17  1:14  Hatchery  
  17  1:17  Drone  
  17  1:18  Drone  
  18  1:37  Extractor  
  17  1:40  Queen  
  17  1:41  Zergling x6  
  22  1:51  Roach Warren  
  21  1:57  Overlord  
  21  2:08  Overlord  
  21  2:18  Drone  
  22  2:26  Queen  
  22  2:27  Drone  
  25  2:30  Drone  
  25  2:35  Drone  
  27  2:39  Drone  
  28  2:48  Drone x2  
  30  2:56  Drone x3  
  33  3:00  Drone  
  33  3:04  Queen  
  35  3:20  Drone x4  
  39  3:28  Drone x2  
  39  3:29  Drone  
  42  3:39  Spore Crawler  
  41  3:41  Spore Crawler  
  41  3:43  Drone x2  
  42  3:51  Spore Crawler  
  42  3:52  Spore Crawler  
  40  3:58  Lair  
  40  4:01  Drone  
  40  4:02  Extractor, Drone x3  
  43  4:15  Overlord  
  43  4:19  Extractor  
  43  4:20  Extractor  
  43  4:22  Overlord x2  
  43  4:23  Hatchery  
  40  4:33  Queen  
  40  4:36  Drone x2  
  44  4:40  Drone  
  44  4:43  Drone x2  
  44  4:44  Drone  
  44  4:45  Drone  
  49  4:47  Drone  
  50  5:02  Drone x2, Hydralisk Den  
  50  5:04  Drone, Evolution Chamber  
  50  5:05  Evolution Chamber  
  50  5:15  Drone x4  
  50  5:16  Drone  
  50  5:20  Overlord  
  55  5:23  Overlord  
  55  5:39  Hydralisk  
  55  5:40  Hydralisk x3  
  63  5:46  Queen  
  63  5:47  Drone  
  63  5:48  Drone  
  66  5:59  Zerg Missile Weapons Level 1  
  66  6:00  Zerg Ground Armor Level 1  
  66  6:02  Grooved Spines  
  66  6:05  Drone  
  66  6:06  Drone  
  66  6:07  Drone  
  66  6:10  Spore Crawler  
  68  6:11  Drone  
  69  6:25  Overlord x2  
  69  6:26  Drone x5  
  69  6:27  Drone  
  69  6:31  Drone, Spore Crawler  
  75  6:33  Drone  
  75  6:34  Drone  
  75  6:38  Pneumatized Carapace  
  77  6:41  Hydralisk  
  77  6:43  Hydralisk  
  81  6:52  Drone x5  
  81  6:53  Drone x2  
  88  7:09  Extractor  
  88  7:11  Extractor  
  88  7:13  Muscular Augments  
  86  7:31  Hydralisk x6  
  98  7:45  Nydus Network  
  98  7:48  Nydus Network  
  98  7:50  Overlord x3  
  95  8:06  Overlord x2  
  95  8:07  Overlord  
  95  8:09  Drone x2  
  95  8:10  Drone x3  
  95  8:11  Drone  
  101  8:20  Hydralisk x8  
  101  8:21  Hydralisk  
  119  8:30  Hatchery  
  118  8:34  Zerg Missile Weapons Level 2  
  118  8:35  Zerg Ground Armor Level 2  
  118  8:45  Drone x2, Hydralisk  
  118  8:46  Drone, Hydralisk  
  118  8:47  Hydralisk x5  
  135  8:53  Overseer x2  
  135  8:56  Overseer x2  
  135  8:58  Hydralisk x4  
  131  9:21  Hydralisk  
  131  9:22  Hydralisk x6  
  143  9:31  Drone x5  
  136  10:00  Nydus Canal  
  130  10:12  Nydus Canal  
  124  10:15  Nydus Canal, Hydralisk  
  124  10:16  Hydralisk x12  
  124  10:17  Hydralisk  
  138  10:42  Hydralisk x5  
  140  10:43  Hydralisk x2  
  130  11:15  Hydralisk x9  
  130  11:16  Hydralisk x3  
  134  11:38  Hydralisk  
  134  11:39  Hydralisk x6  
  142  11:40  Hydralisk  
  144  11:51  Infestation Pit  
  144  11:53  Drone  
  144  11:54  Drone x8  
  144  11:57  Extractor x2  
  136  12:11  Hydralisk  
  136  12:12  Hydralisk x7  
  142  12:21  Overseer  
  118  12:38  Hydralisk  
  118  12:39  Hydralisk x8  
  136  12:50  Drone x2  
  138  12:53  Nydus Canal x2, Overseer  
  144  13:13  Extractor  
Show
View Real Time Build Order
Export as new Build Order

Massa Terran 

Build Orders:  

Get SALT Encoding   

  12  0:00  SCV  
  13  0:12  SCV  
  14  0:20  Supply Depot  
  14  0:24  SCV  
  15  0:41  SCV  
  16  0:42  Barracks  
  16  0:47  Refinery  
  16  0:53  SCV  
  17  1:13  SCV, Supply Depot  
  17  1:17  Barracks  
  18  1:25  SCV  
  19  1:37  SCV  
  19  1:38  Bunker  
  20  1:40  Marine  
  21  1:49  Orbital Command  
  21  1:58  Marine  
  22  2:05  Marine  
  23  2:23  Marine  
  23  2:24  Marine  
  25  2:35  Command Center  
  25  2:41  Marine  
  25  2:42  Marine  
  27  2:56  Factory  
  27  2:59  Marine  
  27  3:00  Marine  
  29  3:20  Marine x2  
  31  3:30  Supply Depot x2  
  31  3:31  Refinery, Supply Depot  
  31  3:34  Supply Depot  
  31  3:47  SCV, Marine x2  
  34  3:49  Hellion  
  36  3:59  SCV  
  37  4:21  Orbital Command  
  37  4:22  Factory Tech Lab  
  35  4:27  Marine x2  
  37  4:31  Barracks  
  37  4:34  Engineering Bay  
  37  4:40  Engineering Bay  
  37  4:44  Siege Tank  
  37  4:45  Marine x2  
  42  4:57  SCV x2  
  44  5:05  Terran Infantry Weapons Level 1  
  44  5:09  SCV x2  
  44  5:11  Terran Infantry Armor Level 1  
  46  5:18  Barracks Reactor  
  46  5:22  Barracks Tech Lab  
  46  5:31  Siege Tank  
  49  5:41  Barracks Reactor  
  49  5:47  SCV x2  
  51  5:50  Refinery  
  51  5:59  SCV x2  
  53  6:04  Marine  
  53  6:05  Marauder, Marine  
  57  6:11  SCV  
  57  6:12  SCV  
  57  6:14  Widow Mine  
  57  6:17  Missile Turret  
  61  6:22  Marine x2, Missile Turret  
  63  6:26  Marauder  
  65  6:36  Widow Mine  
  65  6:39  Starport  
  67  6:53  Armory  
  67  7:00  Supply Depot  
  67  7:01  Supply Depot  
  67  7:03  Supply Depot, Siege Tank  
  70  7:18  Stimpack  
  70  7:26  Barracks, Supply Depot  
  70  7:30  Medivac  
  70  7:35  Barracks  
  70  8:03  Medivac  
  72  8:09  Widow Mine, Marine  
  72  8:10  Marauder, Marine x2  
  77  8:30  Widow Mine  
  77  8:31  Marauder  
  65  8:34  Marine  
  65  8:40  Marine  
  65  8:41  Marine x2  
  69  8:45  Medivac  
  71  8:51  SCV x2, Siege Tank  
  71  8:52  Marauder  
  78  8:55  Barracks Tech Lab  
  78  8:57  Combat Shield  
  76  9:14  Marauder  
  59  9:35  Marauder  
  59  9:36  Marauder  
  59  9:37  Marine x4  
  54  9:54  Siege Tank  
  54  9:55  Marine x4  
  54  9:56  Marauder  
  54  9:58  Marauder  
  63  10:02  Command Center  
  63  10:12  Marine x2  
  63  10:13  Marine x2  
  65  10:15  Concussive Shells  
  65  10:18  Marauder  
  65  10:19  Marauder  
  65  10:26  Siege Tank  
  60  10:30  Marine  
  60  10:31  Marine x2  
  60  10:32  Marine  
  64  10:39  Marauder  
  64  10:41  Marauder  
  68  10:48  Marine  
  68  10:49  Marine x3, Medivac  
  74  10:58  Siege Tank  
  74  11:01  Marauder  
  74  11:02  Marauder  
  79  11:06  Marine  
  79  11:07  Marine x3  
  63  11:18  Medivac  
  63  11:22  Marauder  
  63  11:23  Marauder  
  63  11:24  Marine  
  63  11:25  Marine x3  
  68  11:29  Missile Turret  
  68  11:31  Siege Tank  
  65  11:41  Marine  
  65  11:42  Marine  
  65  11:43  Marauder, Marine x2  
  65  11:45  Marauder  
  60  11:59  Marine  
  60  12:00  Marine x2  
  60  12:01  Marine  
  63  12:03  Siege Tank  
  63  12:05  Marauder  
  63  12:06  Marauder  
  67  12:17  Marine  
  67  12:18  Marine  
  67  12:22  Marine x2  
  69  12:26  Marauder  
  69  12:27  Marauder  
  73  12:35  Marine  
  73  12:36  Marine  
  75  12:43  Marine x2  
  77  12:48  Marauder  
  77  12:49  Marauder  
  81  12:53  Marine  
  81  12:54  Marine  
Show
View Real Time Build Order
Export as new Build Order

qqq Zerg 

Build Orders: Hatch First, Brood Lord Corruptor 

Get SALT Encoding   

  12  0:01  Drone  
  13  0:09  Drone  
  14  0:18  Overlord  
  14  0:45  Hatchery  
  14  0:49  Drone  
  14  0:58  Drone x2  
  16  1:18  Spawning Pool  
  16  1:19  Extractor  
  16  1:20  Drone  
  16  1:25  Drone  
  16  1:38  Drone x2  
  18  1:44  Drone  
  19  1:56  Drone  
  20  2:05  Drone  
  21  2:13  Drone  
  22  2:16  Drone  
  22  2:17  Extractor  
  22  2:25  Drone  
  22  2:26  Drone  
  22  2:27  Spine Crawler  
  22  2:28  Lair  
  23  2:31  Queen  
  23  2:34  Drone  
  26  2:38  Drone  
  26  2:42  Drone  
  28  2:55  Overlord x2  
  27  3:07  Drone  
  28  3:15  Queen  
  28  3:19  Overlord  
  30  3:20  Drone x2  
  32  3:28  Spire  
  31  3:38  Drone x2  
  33  3:47  Infestation Pit  
  32  3:52  Drone, Spine Crawler  
  32  3:53  Spine Crawler  
  32  3:55  Drone  
  32  3:58  Drone  
  32  4:01  Drone  
  34  4:05  Drone  
  34  4:08  Drone x2  
  37  4:25  Hive  
  37  4:28  Drone x4  
  41  4:39  Overlord  
  41  4:40  Mutalisk x2  
  41  4:44  Drone x2  
  47  4:55  Mutalisk  
  47  4:58  Drone x4  
  53  5:01  Extractor x2  
  51  5:13  Drone  
  52  5:18  Mutalisk  
  52  5:21  Drone  
  55  5:24  Hatchery  
  54  5:34  Drone  
  55  5:53  Hatchery  
  55  5:55  Mutalisk, Viper  
  59  5:58  Overlord x2  
  59  6:08  Drone  
  60  6:12  Overlord  
  60  6:13  Overlord  
  60  6:15  Greater Spire  
  60  6:17  Hatchery, Overlord x2  
  59  6:29  Drone  
  59  6:30  Corruptor  
  59  6:31  Corruptor  
  64  6:37  Viper  
  67  6:51  Corruptor  
  67  6:54  Overlord x2  
  69  6:58  Drone  
  70  7:03  Corruptor  
  72  7:09  Drone, Queen  
  76  7:22  Drone  
  76  7:29  Brood Lord  
  78  7:30  Hatchery  
  78  7:34  Brood Lord  
  79  7:45  Spine Crawler x3  
  79  7:49  Spine Crawler  
  75  7:56  Drone x4  
  75  7:57  Drone x2  
  81  7:59  Corruptor  
  81  8:00  Corruptor  
  81  8:04  Zerg Flyer Armor Level 1  
  85  8:08  Drone x2  
  87  8:17  Brood Lord  
  89  8:20  Drone x2  
  89  8:21  Corruptor  
  93  8:34  Corruptor  
  87  8:36  Drone x2  
  91  8:43  Extractor  
  91  8:44  Extractor  
  89  8:55  Hatchery  
  88  9:09  Hatchery  
  79  9:21  Drone x2  
  79  9:22  Drone x7  
  84  9:28  Brood Lord x2  
  82  9:44  Corruptor  
  82  9:45  Zergling x10  
  93  9:46  Zergling x4  
  87  9:56  Corruptor x3  
  87  9:57  Corruptor  
  87  9:58  Drone x3  
  94  10:04  Drone x3  
  88  10:18  Corruptor x3  
  91  10:26  Drone  
  91  10:27  Drone  
  91  10:30  Drone x3  
  96  10:41  Spine Crawler  
  96  10:42  Spine Crawler x2  
  90  10:44  Spine Crawler  
  90  10:45  Metabolic Boost  
  85  10:56  Overlord x4  
  55  11:28  Brood Lord x3  
  55  11:30  Drone x6  
  55  11:32  Spine Crawler  
  58  11:33  Spine Crawler  
  58  11:36  Spine Crawler  
  55  11:42  Drone x2  
  52  11:49  Brood Lord  
  44  11:56  Zergling x12  
  47  12:17  Brood Lord  
  47  12:20  Drone x2  
  49  12:43  Hatchery  
  48  12:56  Spore Crawler  
  48  12:57  Spore Crawler  
Tags
 
Add a new tag
Caveats
  • Supply blocks, unpowered buildings, or Contaminate may cause inaccurate times.
  • Supply counts are checked every 10 seconds.